AoeStats
← Hoya Lacunosa Amarillo

Arabia

505957832Analyzed
4v4 RM · 19d ago on Sep 11, 2026· 40m 5s· 8 players
Game mode
Random Map
Map size
Large (8 player)
Population
200
Speed
Normal
Resources
Standard
Victory
Conquest
Starting age
Dark Age
Ending age
Imperial Age
RankedLock teamsTeams togetherTeam positionsShared explorationLock speedFull tech treeHidden civsTurbo modeCheats
Victory
Defeat
🇩🇪 Ethiopians · Germany
1346
+18
1346
+18
🇫🇷 Franks · France
1324
+19
🇬🇧 Burmese · United Kingdom
1278
+20
🇫🇮 Ethiopians · Finland
1486
-23
🇫🇮 Magyars · Finland
1414
-20
🇫🇮 Shu · Finland
1330
-17
🇫🇮 Mongols · Finland
1299
-15
差不多先生
6:28 Loom
9:01 Feudal Age
14:36 Scale Barding Armor
15:34 Forging
22:43 Castle Age
24:04 Chain Barding Armor
24:20 Iron Casting
23:50 Husbandry
27:35 Gold Mining
36:02 Wheelbarrow
38:04 Imperial Age
39:37 Plate Barding Armor
40:07 Blast Furnace
38:37 Cavalier
Gareth Southgate
5:22 Loom
12:05 Feudal Age
28:36 Castle Age
27:00 Stone Mining
28:23 Man-at-Arms
29:02 Pikeman
33:23 Elite Skirmisher
39:52 Murder Holes
Hoya Lacunosa Amarillo
6:32 Loom
8:36 Feudal Age
9:29 Double-Bit Axe
13:24 Horse Collar
16:53 Forging
17:14 Bloodlines
18:06 Scale Barding Armor
19:26 Wheelbarrow
24:17 Castle Age
24:16 Gold Mining
25:02 Husbandry
25:26 Chain Barding Armor
25:42 Iron Casting
26:01 Bow Saw
27:01 Heavy Plow
29:37 Stone Mining
31:05 Hand Cart
31:26 Town Watch
32:19 Stone Shaft Mining
40:21 Imperial Age
40:06 Fletching
Rusted From The Rain
7:10 Loom
9:39 Feudal Age
12:45 Fletching
13:28 Double-Bit Axe
16:58 Horse Collar
18:50 Padded Archer Armor
24:40 Castle Age
25:18 Bodkin Arrow
24:48 Crossbowman
28:51 Leather Archer Armor
32:02 Ballistics
32:32 Thumb Ring
38:25 Imperial Age
38:29 Arbalester
39:12 Bracer
40:19 Chemistry
Eversti Sandels
7:40 Loom
9:50 Feudal Age
13:14 Double-Bit Axe
15:30 Scale Barding Armor
17:33 Forging
24:50 Castle Age
22:45 Gold Mining
25:09 Wheelbarrow
26:03 Chain Barding Armor
27:28 Gold Shaft Mining
31:19 Iron Casting
31:35 Bow Saw
37:22 Stone Mining
37:29 Fletching
37:39 Padded Archer Armor
tiksa
7:25 Loom
9:39 Feudal Age
11:48 Double-Bit Axe
19:14 Fletching
19:58 Padded Archer Armor
24:59 Castle Age
22:59 Horse Collar
25:09 Crossbowman
25:58 Bodkin Arrow
26:18 Leather Archer Armor
29:20 Ballistics
29:45 Wheelbarrow
29:39 Thumb Ring
40:28 Hand Cart
39:58 Town Watch
juu
7:17 Loom
9:49 Feudal Age
16:33 Scale Barding Armor
25:14 Castle Age
24:14 Double-Bit Axe
29:44 Bloodlines
30:11 Gold Mining
35:45 Horse Collar
migouu
9:47 Feudal Age
8:03 Loom
10:25 Double-Bit Axe
17:56 Fletching
24:27 Town Watch
28:03 Castle Age
28:12 Crossbowman
28:57 Thumb Ring
30:45 Ballistics
34:54 Gold Mining
35:17 Bow Saw
Connection lost

Rejoining the realm…

Still unreachable

The connection could not be restored.

Session expired

The server has moved on; the page needs a fresh start.